| TOP OF THE 1ST |
|
Brockton Rox batting - Pitching for Winnipeg Goldeyes : RHP Andres Aguilar
|
|
Pitching: RHP Andres Aguilar
|
|
|
Batting: RHB Dustin English
|
0-0: Ball 1-0: Swinging Strike 1-1: Ball 2-1: Foul Ball, location: 2F 2-2: Foul Ball, location: 2F 2-2: Strikes out swinging
|
|
Batting: RHB Gustavo Pacheco
|
0-0: Ball 1-0: Fly out, F7 (Flyball, 78S, EV 83.8 MPH)
|
|
Batting: RHB Kevin Webb
|
0-0: Fly out, F8 (Line Drive, 8RD, EV 83.8 MPH)
|
| Top of the 1st over - 0 runs, 0 hits, 0 errors, 0 left on base; Brockton 0 - Winnipeg 0 |
| BOTTOM OF THE 1ST |
|
Winnipeg Goldeyes batting - Pitching for Brockton Rox : RHP Jon Nasti
|
|
Pitching: RHP Jon Nasti
|
|
|
Batting: RHB Bubba Ryle
|
0-0: Foul Ball, location: 2F 0-1: Fly out, F8 (Line Drive, 8LM, EV 88.8 MPH)
|
|
Batting: RHB Shane Thomas
|
0-0: Ground out 5-3 (Groundball, 56S, EV 80.6 MPH)
|
|
Batting: RHB Claudio Wolfs
|
0-0: Fly out, F8 (Line Drive, 8LM, EV 103.1 MPH)
|
| Bottom of the 1st over - 0 runs, 0 hits, 0 errors, 0 left on base; Brockton 0 - Winnipeg 0 |
| TOP OF THE 2ND |
|
Brockton Rox batting - Pitching for Winnipeg Goldeyes : RHP Andres Aguilar
|
|
Batting: RHB Gidde Cuperus
|
0-0: Called Strike 0-1: Foul Ball, location: 2F 0-2: Ball 1-2: Ground out 5-3 (Groundball, 5S, EV 73.1 MPH)
|
|
Batting: LHB Joe Wallman
|
0-0: Ball 1-0: Ball 2-0: Ball 3-0: Called Strike 3-1: Swinging Strike 3-2: Strikes out swinging
|
|
Batting: LHB Ryan DeLay
|
0-0: Called Strike 0-1: Swinging Strike 0-2: Foul Ball, location: 2F 0-2: Strikes out swinging
|
| Top of the 2nd over - 0 runs, 0 hits, 0 errors, 0 left on base; Brockton 0 - Winnipeg 0 |
| BOTTOM OF THE 2ND |
|
Winnipeg Goldeyes batting - Pitching for Brockton Rox : RHP Jon Nasti
|
|
Batting: RHB Robby Bell
|
0-0: Ground out 4-3 (Groundball, 34, EV 89.4 MPH)
|
|
Batting: RHB Brenden Hindle
|
0-0: Fly out, F3 (Popup, 3F, EV 63.1 MPH)
|
|
Batting: RHB Bob Staley
|
0-0: Ball 1-0: Ball 2-0: Called Strike 2-1: DOUBLE (Flyball, 9LD, EV 106.3 MPH)
|
|
Batting: RHB Brent van Oirschot
|
0-0: Ball 1-0: Foul Ball, location: 2F 1-1: Ball 2-1: Ball 3-1: Base on Balls
|
|
Batting: RHB Corey Katz
|
0-0: Ball 1-0: Foul Ball, location: 2F 1-1: Called Strike 1-2: Foul Ball, location: 2F 1-2: Ball 2-2: Ground out 4-3 (Groundball, 34, EV 100.6 MPH)
|
| Bottom of the 2nd over - 0 runs, 1 hit, 0 errors, 2 left on base; Brockton 0 - Winnipeg 0 |
| TOP OF THE 3RD |
|
Brockton Rox batting - Pitching for Winnipeg Goldeyes : RHP Andres Aguilar
|
|
Batting: RHB Juan Fuentes
|
0-0: Swinging Strike 0-1: Foul Ball, location: 2F 0-2: Strikes out swinging
|
|
Batting: RHB Matt Harding
|
0-0: Foul Ball, location: 2F 0-1: Called Strike 0-2: Strikes out looking
|
|
Batting: RHB Sterling Acosta
|
0-0: Ball 1-0: SINGLE (Groundball, 6MD, EV 103.1 MPH)
|
|
Batting: RHB Dustin English
|
0-0: Fly out, F7 (Flyball, 7S, EV 81.9 MPH)
|
| Top of the 3rd over - 0 runs, 1 hit, 0 errors, 1 left on base; Brockton 0 - Winnipeg 0 |
| BOTTOM OF THE 3RD |
|
Winnipeg Goldeyes batting - Pitching for Brockton Rox : RHP Jon Nasti
|
|
Batting: RHB Roy Laska
|
0-0: Fly out, F5 (Popup, 5SF, EV 73.8 MPH)
|
|
Batting: RHB Bubba Ryle
|
0-0: Swinging Strike 0-1: Foul Ball, location: 2F 0-2: Ball 1-2: Foul Ball, location: 2F 1-2: Ball 2-2: Ball 3-2: Base on Balls
|
|
Batting: RHB Shane Thomas
|
0-0: Ball 1-0: Called Strike 1-1: Foul Ball, location: 2F 1-2: SINGLE (Line Drive, 78M, EV 94.4 MPH) Bubba Ryle to second
|
|
Batting: RHB Claudio Wolfs
|
0-0: Ball 1-0: Ball 2-0: Called Strike 2-1: Ball 3-1: Foul Ball, location: 2F 3-2: Foul Ball, location: 2F 3-2: Base on Balls Bubba Ryle to third Shane Thomas to second
|
|
Batting: RHB Robby Bell
|
0-0: Reached on error, E5 (Groundball, 5L, EV 101.3 MPH) Bubba Ryle scores Shane Thomas to third Claudio Wolfs to second
|
|
Batting: RHB Brenden Hindle
|
0-0: Foul Ball, location: 2F 0-1: Ball 1-1: Ball 2-1: Ball 3-1: Base on Balls Shane Thomas scores Claudio Wolfs to third Robby Bell to second
|
|
Batting: RHB Bob Staley
|
0-0: Ball 1-0: Ball 2-0: Swinging Strike 2-1: Foul Ball, location: 2F 2-2: Strikes out swinging
|
|
Batting: RHB Brent van Oirschot
|
0-0: Ball 1-0: Ball 2-0: Fly out, F7 (Line Drive, 7, EV 105.6 MPH)
|
| Bottom of the 3rd over - 2 runs, 1 hit, 1 error, 3 left on base; Brockton 0 - Winnipeg 2 |
| TOP OF THE 4TH |
|
Brockton Rox batting - Pitching for Winnipeg Goldeyes : RHP Andres Aguilar
|
|
Batting: RHB Gustavo Pacheco
|
0-0: Called Strike 0-1: Swinging Strike 0-2: Ball 1-2: Ball 2-2: Ball 3-2: Strikes out swinging
|
|
Batting: RHB Kevin Webb
|
0-0: Ball 1-0: Swinging Strike 1-1: Foul Ball, location: 2F 1-2: Strikes out looking
|
|
Batting: RHB Gidde Cuperus
|
0-0: Ball 1-0: Ball 2-0: Ball 3-0: Base on Balls
|
|
Batting: LHB Joe Wallman
|
0-0: Called Strike 0-1: Called Strike 0-2: Foul Ball, location: 2F 0-2: Ball 1-2: Fielders Choice at 2nd, U4 (Groundball, 4M, EV 81.3 MPH)
|
| Top of the 4th over - 0 runs, 0 hits, 0 errors, 1 left on base; Brockton 0 - Winnipeg 2 |
| BOTTOM OF THE 4TH |
|
Winnipeg Goldeyes batting - Pitching for Brockton Rox : RHP Jon Nasti
|
|
Batting: RHB Corey Katz
|
0-0: Ball 1-0: Foul Ball, location: 2F 1-1: Ball 2-1: Ball 3-1: Base on Balls
|
|
Batting: RHB Roy Laska
|
0-0: Ball 1-0: Called Strike 1-1: Ball 2-1: Called Strike 2-2: Grounds into double play, 5-4-3 (Groundball, 56S, EV 89.4 MPH)
|
|
Batting: RHB Bubba Ryle
|
0-0: Called Strike 0-1: Ball 1-1: Ground out U3 (Groundball, 3S, EV 66.9 MPH)
|
| Bottom of the 4th over - 0 runs, 0 hits, 0 errors, 0 left on base; Brockton 0 - Winnipeg 2 |
| TOP OF THE 5TH |
|
Brockton Rox batting - Pitching for Winnipeg Goldeyes : RHP Andres Aguilar
|
|
Batting: LHB Ryan DeLay
|
0-0: Ball 1-0: Called Strike 1-1: Foul Ball, location: 2F 1-2: Strikes out swinging
|
|
Batting: RHB Juan Fuentes
|
0-0: Ground out 4-3 (Groundball, 4, EV 81.3 MPH)
|
|
Batting: RHB Matt Harding
|
0-0: Ball 1-0: Called Strike 1-1: Called Strike 1-2: Foul Ball, location: 2F 1-2: Ball 2-2: Ball 3-2: Strikes out looking
|
| Top of the 5th over - 0 runs, 0 hits, 0 errors, 0 left on base; Brockton 0 - Winnipeg 2 |
| BOTTOM OF THE 5TH |
|
Winnipeg Goldeyes batting - Pitching for Brockton Rox : RHP Jon Nasti
|
|
Batting: RHB Shane Thomas
|
0-0: Ball 1-0: Called Strike 1-1: Foul Ball, location: 2F 1-2: Hit by Pitch
|
|
Pitching: RHP Felipe Reta
|
|
|
Batting: RHB Claudio Wolfs
|
0-0: Ball 1-0: Foul Ball, location: 2F 1-1: SINGLE (Line Drive, 7S, EV 113.1 MPH) Shane Thomas to second
|
|
Batting: RHB Robby Bell
|
0-0: Called Strike 0-1: Ball 1-1: SINGLE (Groundball, 4S, EV 91.3 MPH) (infield hit) Shane Thomas to third Claudio Wolfs to second
|
|
Batting: RHB Brenden Hindle
|
0-0: Ball 1-0: Ball 2-0: Called Strike 2-1: Foul Ball, location: 2F 2-2: Ball 3-2: Base on Balls Shane Thomas scores Claudio Wolfs to third Robby Bell to second
|
|
Batting: RHB Bob Staley
|
0-0: Foul Ball, location: 2F 0-1: Ball 1-1: Ball 2-1: Ball 3-1: Foul Ball, location: 2F 3-2: Grounds into fielders choice 2-2 (Groundball, 13S, EV 70.0 MPH) Robby Bell to third Brenden Hindle to second
|
|
Batting: RHB Brent van Oirschot
|
0-0: Called Strike 0-1: Ball 1-1: Ball 2-1: Foul Ball, location: 2F 2-2: Fly out, F9 (Flyball, 9D, EV 93.8 MPH) Runner from 3rd tags up, SCORES, no throw by RF
|
|
Batting: RHB Corey Katz
|
0-0: Foul Ball, location: 2F 0-1: Foul Ball, location: 2F 0-2: Ball Wild Pitch! Brenden Hindle to third Bob Staley to second 1-2: Ball 2-2: DOUBLE (Line Drive, 9LS, EV 100.6 MPH) Brenden Hindle scores Bob Staley scores
|
|
Batting: RHB Roy Laska
|
0-0: Ball 1-0: Fly out, F8 (Line Drive, 8LD, EV 90.6 MPH)
|
| Bottom of the 5th over - 4 runs, 3 hits, 0 errors, 1 left on base; Brockton 0 - Winnipeg 6 |
| TOP OF THE 6TH |
|
Brockton Rox batting - Pitching for Winnipeg Goldeyes : RHP Andres Aguilar
|
|
Batting: RHB Sterling Acosta
|
0-0: Called Strike 0-1: Ball 1-1: Ball 2-1: Ball 3-1: Ground out 6-3 (Groundball, 56, EV 81.3 MPH)
|
|
Batting: RHB Dustin English
|
0-0: Ball 1-0: Called Strike 1-1: Foul Ball, location: 2F 1-2: SINGLE (Line Drive, 56D, EV 97.5 MPH)
|
|
Batting: RHB Gustavo Pacheco
|
0-0: Ball 1-0: Called Strike 1-1: SINGLE (Line Drive, 4D, EV 103.8 MPH) Dustin English to second
|
|
Batting: RHB Kevin Webb
|
0-0: Ball 1-0: Swinging Strike 1-1: Ball 2-1: Foul Ball, location: 2F 2-2: Strikes out swinging
|
|
Batting: RHB Gidde Cuperus
|
0-0: Called Strike 0-1: Foul Ball, location: 2F 0-2: Fielders Choice at 2nd, 5-4 (Groundball, 56, EV 100.6 MPH)
|
| Top of the 6th over - 0 runs, 2 hits, 0 errors, 2 left on base; Brockton 0 - Winnipeg 6 |
| BOTTOM OF THE 6TH |
|
Winnipeg Goldeyes batting - Pitching for Brockton Rox : RHP Felipe Reta
|
|
Batting: RHB Bubba Ryle
|
0-0: Called Strike 0-1: Ball 1-1: Ball 2-1: Foul Ball, location: 2F 2-2: Ball 3-2: Ground out 1-3 (Groundball, 34S, EV 68.1 MPH)
|
|
Batting: RHB Shane Thomas
|
0-0: Fly out, F8 (Line Drive, 8RD, EV 96.3 MPH)
|
|
Batting: RHB Claudio Wolfs
|
0-0: Ball 1-0: Ball 2-0: Ball 3-0: Called Strike 3-1: Foul Ball, location: 2F 3-2: DOUBLE (Line Drive, 78XD, EV 105.0 MPH)
|
|
Batting: RHB Robby Bell
|
0-0: Swinging Strike 0-1: Ball 1-1: Ball 2-1: Ground out 5-3 (Groundball, 56, EV 80.0 MPH)
|
| Bottom of the 6th over - 0 runs, 1 hit, 0 errors, 1 left on base; Brockton 0 - Winnipeg 6 |
| TOP OF THE 7TH |
|
Brockton Rox batting - Pitching for Winnipeg Goldeyes : RHP Andres Aguilar
|
|
Batting: LHB Joe Wallman
|
0-0: Ball 1-0: Ball 2-0: Ground out 4-3 (Groundball, 4, EV 97.5 MPH)
|
|
Batting: LHB Ryan DeLay
|
0-0: Ball 1-0: Foul Ball, location: 2F 1-1: Swinging Strike 1-2: Ball 2-2: Strikes out swinging
|
|
Batting: RHB Juan Fuentes
|
0-0: Ball 1-0: Swinging Strike 1-1: Foul Ball, location: 2F 1-2: DOUBLE (Flyball, 8LD, EV 108.1 MPH)
|
|
Batting: RHB Matt Harding
|
0-0: Fly out, F9 (Flyball, 9, EV 82.5 MPH)
|
| Top of the 7th over - 0 runs, 1 hit, 0 errors, 1 left on base; Brockton 0 - Winnipeg 6 |
| BOTTOM OF THE 7TH |
|
Winnipeg Goldeyes batting - Pitching for Brockton Rox : RHP Felipe Reta
|
|
Batting: RHB Brenden Hindle
|
0-0: Called Strike 0-1: Ball 1-1: Ball 2-1: Ball 3-1: SINGLE (Line Drive, 4D, EV 96.9 MPH)
|
|
Batting: RHB Bob Staley
|
0-0: Ball 1-0: Grounds into double play, 6-4-3 (Groundball, 56, EV 99.4 MPH)
|
|
Batting: RHB Brent van Oirschot
|
0-0: Called Strike 0-1: Ground out 1-3 (Groundball, 34S, EV 80.0 MPH)
|
| Bottom of the 7th over - 0 runs, 1 hit, 0 errors, 0 left on base; Brockton 0 - Winnipeg 6 |
| TOP OF THE 8TH |
|
Brockton Rox batting - Pitching for Winnipeg Goldeyes : RHP Andres Aguilar
|
|
Batting: RHB Sterling Acosta
|
0-0: Ground out 1-3 (Groundball, 34S, EV 65.6 MPH)
|
|
Batting: RHB Dustin English
|
0-0: Called Strike 0-1: Ball 1-1: Swinging Strike 1-2: Foul Ball, location: 2F 1-2: Ball 2-2: Ball 3-2: Ground out 2-3 (Groundball, 2L, EV 64.4 MPH)
|
|
Batting: RHB Gustavo Pacheco
|
0-0: Foul Ball, location: 2F 0-1: Foul Ball, location: 2F 0-2: SINGLE (Flyball, 7LM, EV 91.9 MPH)
|
|
Batting: RHB Kevin Webb
|
0-0: Called Strike 0-1: Fly out, F9 (Flyball, 9S, EV 83.8 MPH)
|
| Top of the 8th over - 0 runs, 1 hit, 0 errors, 1 left on base; Brockton 0 - Winnipeg 6 |
| BOTTOM OF THE 8TH |
|
Winnipeg Goldeyes batting - Pitching for Brockton Rox : RHP Felipe Reta
|
|
Batting: RHB Corey Katz
|
0-0: Swinging Strike 0-1: Ball 1-1: Ball 2-1: Called Strike 2-2: Foul Ball, location: 2F 2-2: TRIPLE (Flyball, 9LD, EV 103.8 MPH)
|
|
Pitching: RHP Mike Albrecht
|
|
|
Batting: RHB Roy Laska
|
0-0: Called Strike 0-1: Ball 1-1: Swinging Strike 1-2: Ball 2-2: Reached on error, E4 (Groundball, 4, EV 88.1 MPH) Corey Katz scores
|
|
Pinch Hitting: RHB Hank Contreras
|
0-0: Called Strike 0-1: Foul Ball, location: 2F 0-2: Foul Ball, location: 2F 0-2: Fly out, F8 (Flyball, 78D, EV 107.5 MPH)
|
|
Pinch Hitting: SHB Mike Allen
|
0-0: Foul Ball, location: 2F 0-1: Ball 1-1: Ball 2-1: Foul Ball, location: 2F 2-2: DOUBLE (Flyball, 89D, EV 106.3 MPH) Roy Laska to third Runner from 3rd tries for Home, SAFE, no throw by RF
|
|
Batting: RHB Claudio Wolfs
|
0-0: Ball 1-0: Fly out, F8 (Line Drive, 8LM, EV 97.5 MPH)
|
|
Pinch Hitting: LHB Tim Burnette
|
0-0: Ball 1-0: Ball 2-0: Ball 3-0: Called Strike 3-1: Base on Balls
|
|
Batting: RHB Brenden Hindle
|
0-0: Ball 1-0: Called Strike 1-1: Foul Ball, location: 2F 1-2: Foul Ball, location: 2F 1-2: Ball 2-2: SINGLE (Line Drive, 8RS, EV 91.3 MPH) Mike Allen to third Tim Burnette to second Runner from 3rd tries for Home, SAFE, throw by CF to home
|
|
Batting: RHB Bob Staley
|
0-0: Called Strike 0-1: Ball 1-1: Ball 2-1: Ball 3-1: Base on Balls Tim Burnette to third Brenden Hindle to second
|
|
Pinch Hitting: LHB Jorge Soto
|
0-0: Ball 1-0: Ball 2-0: Called Strike 2-1: Swinging Strike 2-2: Fly out, F7 (Flyball, 7LS, EV 85.6 MPH)
|
| Bottom of the 8th over - 3 runs, 3 hits, 1 error, 3 left on base; Brockton 0 - Winnipeg 9 |
| TOP OF THE 9TH |
|
Brockton Rox batting - Pitching for Winnipeg Goldeyes : RHP Andres Aguilar
|
|
Now at 1B: Tim Burnette
|
|
|
Now at 2B: Mike Allen
|
|
|
Now in CF: Robbie Bean
|
|
|
Now in RF: Hank Contreras
|
|
|
Batting: RHB Gidde Cuperus
|
0-0: Called Strike 0-1: Ground out 5-3 (Groundball, 56, EV 91.3 MPH)
|
|
Batting: LHB Joe Wallman
|
0-0: Called Strike 0-1: Ground out 3-1 (Groundball, 34, EV 89.4 MPH)
|
|
Batting: LHB Ryan DeLay
|
0-0: Called Strike 0-1: Ball 1-1: Ball 2-1: TRIPLE (Flyball, 89XD, EV 93.1 MPH)
|
|
Batting: RHB Juan Fuentes
|
0-0: SINGLE (Groundball, 34D, EV 105.6 MPH) Ryan DeLay scores
|
|
Batting: RHB Matt Harding
|
0-0: Called Strike 0-1: Ball 1-1: Ball 2-1: Ball 3-1: Base on Balls Juan Fuentes to second
|
|
Pitching: RHP Rickey Casner
|
|
|
Batting: RHB Sterling Acosta
|
0-0: Foul Ball, location: 2F 0-1: Called Strike 0-2: Strikes out looking
|
| Top of the 9th over - 1 run, 2 hits, 0 errors, 2 left on base; Brockton 1 - Winnipeg 9 |
|